 Dungeon Crawl Stone Soup version 0.17-a0-2122-g03d97ec (webtiles) character file.

912 Xaijberja the Cutter (level 7, -2/51 HPs)
             Began as a Demonspawn Wanderer on Oct 21, 2015.
             Succumbed to something's poison gas
             ... on level 1 of the Abyss.
             The game lasted 00:17:29 (7227 turns).

Xaijberja the Cutter (Demonspawn Wanderer)          Turns: 7227, Time: 00:17:29

Health: -2/51      AC:  9    Str:  8      XL:     7   Next: 82%
Magic:  9/9        EV:  9    Int:  5 (12) God:
Gold:   156        SH:  0    Dex: 19      Spells: 0 memorised, 10 levels left

rFire  + . .     SeeInvis .     i - +2 short sword (venom)
rCold  + . .     Clarity  .     k - +2 ring mail {rC+}
rNeg   . . .     SustAt   .     (no shield)
rPois  .         Gourm    .     t - +1 helmet
rElec  .         Spirit   .     (no cloak)
rCorr  .         Warding  .     (no gloves)
rMut   .         Rnd*Tele +     l - +2 pair of boots
MR     .....                    (no amulet)
Stlth  +.........               o - +3 ring of dexterity
                                m - ring of protection from fire

@: lethally poisoned (-2 -> -37), liquid flames, glowing, not resistant to
hostile enchantments, very unstealthy
A: claws 1, deformed body, deterioration 1, dopey 1, low mp 1, nightstalker 1,
teleportitis 2, weak 1, MP-powered wands
a: no special abilities


You were on level 1 of the Abyss.
You were hungry.

You visited 1 branch of the dungeon, and saw 5 of its levels.
You visited the Abyss 1 time.

You collected 156 gold pieces.

Inventory:

Hand Weapons
 e - a +0 dagger
 i - a +2 short sword of venom (weapon)
 q - a +0 blowgun
Missiles
 r - 5 poisoned needles
Armour
 d - a +0 robe
 k - a +2 ring mail of cold resistance (worn)
 l - a +2 pair of boots (worn)
 t - a +1 helmet (worn)
Jewellery
 m - a ring of protection from fire (left claw)
 o - a +3 ring of dexterity (right claw)
Scrolls
 g - a scroll of fear {unknown}
 h - 2 scrolls of remove curse {unknown}
 j - 4 scrolls of amnesia {unknown}
 p - a scroll of recharging {unknown}
 v - a scroll of enchant weapon {unknown}
 w - a scroll of identify {unknown}
Potions
 n - a potion of flight
Books
 a - a book of Air

   Spells                             Type                      Level
   a - Shock                          Conjuration/Air              1
   b - Swiftness                      Charms/Air                   2
   c - Repel Missiles                 Charms/Air                   2
   d - Static Discharge               Conjuration/Air              3
   e - Lightning Bolt                 Conjuration/Air              5
 b - the Papyrus of Envenoming

   Spells                             Type                      Level
   a - Sting                          Conjuration/Poison           1
   b - Spider Form                    Transmutation/Poison         3
Comestibles
 f - 4 bread rations


   Skills:
 - Level 2.7 Fighting
 + Level 7.9 Short Blades
 - Level 1.0 Throwing
 - Level 1.0 Armour
 - Level 2.0 Spellcasting
   Level 1.7 Air Magic
   Level 1.0 Earth Magic
   Level 1.0 Evocations


You had 10 spell levels left.
You didn't know any spells.

Dungeon Overview and Level Annotations

Branches:
Dungeon (5/15)
 Temple: D:4-7

Altars:
Qazlal

Annotations:
D:3 Grinder


Innate Abilities, Weirdness & Mutations

You have sharp fingernails.
You are slightly more attuned to the shadows.
You are dopey. (Int -2)
You are weak. (Str -2)
[Armour fits poorly on your strangely shaped body.]
[Your body sometimes deteriorates upon taking damage.]
[Your magical capacity is low (-10% MP).]
[You are sometimes teleported to nearby monsters.]
[You expend magic power (3 MP) to strengthen your wands.]


Message History

You feel very sick.
The tormentor roars!
You hear a shout!
The wretched star pulses with an eldritch light!
You feel yourself wasting away.
You feel even more weirdly uncertain.
You feel your magical essence link to your wands.
You feel less energetic.
The smoke demon twists and deforms.
The quasit twists and deforms.
The green death twists and deforms.
The smoke demon gestures at you. The sticky flame hits you!
You are covered in liquid flames!
A large abomination comes into view.
You are covered in liquid flames!
* * * LOW HITPOINT WARNING * * *
x2 You feel very sick.
Unknown command.
Unknown command.
You are covered in liquid flames!
* * * LOW HITPOINT WARNING * * *
You die...

.# .##.##.# . ..
........ ..#.
#...#.#
.....#....####
.....#...##...
.....≈........
.....#@..#.#.##.
..X.....#..#.....
####.*.5....#....
.......2§#..#.#.
......#2#§§.....#
.......3§§##... .
........#§..#.#.
. .......#X§.§#
..#
....#...###.##.#


You could see a green death, a wretched star, a large abomination, a smoke
demon, a tormentor and a quasit.

Vanquished Creatures
  The ghost of Clownie the Covert, a novice OpAs of Vehumet (D:4)
  A neqoxec (Abyss:1)
  A phantom (D:4)
  Blork the orc (D:4)
  2 orc wizards (D:2)
  A hound (D:4)
  2 orc priests
  A worker ant (D:4)
  10 adders
  4 oozes
  An adder skeleton (D:4)
  3 worms
  7 giant geckos
  9 orcs
  A ball python (D:1)
  7 bats
  2 giant cockroaches
  8 goblins
  6 hobgoblins
  3 jackals (D:2)
  A giant newt (D:1)
  8 kobolds
  6 quokkas
  5 rats
91 creatures vanquished.

Notes
Turn   | Place    | Note
--------------------------------------------------------------
     0 | D:1      | Xaijberja the Demonspawn Wanderer began the quest for the Orb.
     0 | D:1      | Xaijberja set off with: a book of Air, the Papyrus of Envenoming, a scroll of teleportation, a +0 robe, a +0 dagger, a bread ration
     0 | D:1      | Reached XP level 1. HP: 16/16 MP: 3/3
     0 | D:1      | Identified the Papyrus of Envenoming
     6 | D:1      | Noticed a black bear
     6 | D:1      | Noticed an anaconda
     7 | D:1      | Noticed a worker ant
   360 | D:1      | Gained mutation: You are slightly more attuned to the shadows. [demonic ancestry]
   360 | D:1      | Reached XP level 2. HP: 13/23 MP: 5/5
   814 | D:1      | Reached skill level 1 in Short Blades
  1216 | D:1      | Reached XP level 3. HP: 10/28 MP: 6/6
  3119 | D:2      | Gained mutation: You have sharp fingernails. [demonic ancestry]
  3119 | D:2      | Reached XP level 4. HP: 21/34 MP: 7/7
  3603 | D:2      | Reached skill level 3 in Short Blades
  4441 | D:2      | HP: 1/34 [poisoned by an adder]
  4708 | D:3      | Noticed Grinder
  5185 | D:3      | Reached XP level 5. HP: 39/39 MP: 8/8
  5547 | D:3      | Reached skill level 4 in Short Blades
  5553 | D:3      | Found a stormy altar of Qazlal.
  6178 | D:4      | Noticed a phantom
  6214 | D:4      | Killed a phantom
  6214 | D:4      | Reached skill level 5 in Short Blades
  6214 | D:4      | Reached XP level 6. HP: 21/46 MP: 9/9
  6589 | D:4      | Noticed Clownie's ghost (novice OpAs)
  6612 | D:4      | Killed Clownie's ghost
  6612 | D:4      | Reached skill level 6 in Short Blades
  6612 | D:4      | Reached XP level 7. HP: 36/51 MP: 10/10
  6673 | D:4      | Reached skill level 7 in Short Blades
  6697 | D:4      | Noticed Blork the orc
  6707 | D:4      | Killed Blork the orc
  6944 | D:5      | Entered Level 5 of the Dungeon
  6948 | D:5      | Cast into the Abyss (orc)
  6994 | Abyss:1  | Noticed a large abomination
  7003 | Abyss:1  | Noticed a raiju
  7003 | Abyss:1  | Noticed a raiju
  7003 | Abyss:1  | Noticed a raiju
  7012 | Abyss:1  | Noticed a raiju
  7059 | Abyss:1  | Gained mutation: You are dopey. (Int -2) [a neqoxec]
  7087 | Abyss:1  | Gained mutation: You are weak. (Str -2) [a neqoxec]
  7217 | Abyss:1  | Noticed a green death
  7219 | Abyss:1  | Noticed a smoke demon
  7221 | Abyss:1  | Noticed a tormentor
  7222 | Abyss:1  | Noticed a wretched star
  7226 | Abyss:1  | Noticed a large abomination
  7227 | Abyss:1  | HP: 1/51 [burnt (2)]
  7227 | Abyss:1  | Succumbed to something's poison gas

Vault maps used:
D:1:      onia_arrival_zoo_common, minmay_misc_feat_doors,
          corexii_hall_statues_t, serial_bayou_pond_c
D:2:      first_bread
D:3:      grunt_qazlal_sundering, uniq_grinder
D:4:      wad_crossroads, uniq_blork_the_orc
D:5:      temple_hall

Action                   |  1- 3 |  4- 6 |  7- 9 || total
-------------------------+-------+-------+-------++-------
Melee: Dagger            |   198 |   218 |       ||   416
       Short sword       |       |   101 |    76 ||   177
  Use: Potion            |     3 |     1 |     1 ||     5
       Scroll            |       |     1 |     1 ||     2
 Stab: Sleeping          |     9 |     7 |       ||    16
  Eat: Chunk             |     6 |    10 |     2 ||    18
       Pizza             |       |     1 |       ||     1
